 Dungeon Crawl Stone Soup version 0.25.1-2-g60ff931df9 (webtiles) character file.

Game seed: 5526163827028416488

200 lepoulpe303 the Magician (level 5, 0/24 HPs)
             Began as a Spriggan Earth Elementalist on Sept 13, 2020.
             Slain by an orc
             ... wielding a +0 short sword
              (8 damage)
             ... on level 3 of the Dungeon.
             The game lasted 00:07:41 (3105 turns).

lepoulpe303 the Magician (SpEE)                     Turns: 3105, Time: 00:07:41

Health: 0/24       AC:  5    Str:  4    XL:     5   Next: 48%
Magic:  7/12       EV: 19    Int: 18    God:
Gold:   87         SH:  0    Dex: 16    Spells: 7/13 levels left

rFire    . . .     SeeInvis +   i - +0 dagger
rCold    . . .     Gourm    .   (shield restricted)
rNeg     . . .     Faith    .   c - +0 robe
rPois    .         Spirit   .   (helmet restricted)
rElec    .         Reflect  .   b - +2 cloak
rCorr    .         Harm     .   (gloves unavailable)
MR       .....                  (boots unavailable)
Stlth    +++.......             (no amulet)
HPRegen  0.08/turn              (no ring)
MPRegen  0.13/turn              (no ring)

@: very quick
A: very small, unfitting armour, see invisible, herbivore, speed 3, slow
metabolism 2
a: no special abilities


You were on level 3 of the Dungeon.
You were not hungry.

You visited 1 branch of the dungeon, and saw 3 of its levels.

You collected 87 gold pieces.

Inventory:

Hand Weapons
 i - a +0 dagger (weapon)
Missiles
 m - a throwing net {=f}
 Q - 60 stones (quivered)
Armour
 b - a +2 cloak (worn)
 c - a +0 robe (worn)
Jewellery
 f - a cursed +6 ring of strength {unknown}
Wands
 l - a wand of iceblast (8)
Scrolls
 d - a scroll of fog {unknown}
 g - 2 scrolls of identify {unknown}
 h - a scroll of remove curse {unknown}
 j - a scroll of fear {unknown}
 n - a scroll of magic mapping {unknown}
Potions
 a - a potion of heal wounds {unknown}
 k - a potion of flight {unknown}
 o - a potion of curing {unknown}
Comestibles
 e - 2 rations


   Skills:
 + Level 1.3 Short Blades
 + Level 4.0 Dodging
 + Level 4.2 Stealth
 * Level 4.6 Spellcasting
 - Level 1.3 Transmutations
 * Level 3.9 Earth Magic


You had 7 spell levels left.
You knew the following spells:

 Your Spells              Type           Power        Failure   Level  Hunger
a - Sandblast             Erth           ###...       2%          1    None
w - Passwall              Tmut/Erth      ##......     7%          2    #......
x - Stone Arrow           Conj/Erth      ##....       19%         3    ###....

Your spell library contained the following spells:

 Spells                   Type           Power        Failure   Level  Hunger
 Petrify                  Tmut/Erth      ##......     43%         4    ####...
 Lee's Rapid Deconstruct  Erth           ###.......   61%         5    ######.


Dungeon Overview and Level Annotations

Branches:
Dungeon (3/15)

Altars:
Qazlal


Innate Abilities, Weirdness & Mutations

You are very small and have problems with some larger weapons.
You are too small for most types of armour.
You have supernaturally acute eyesight. (SInv)
You are a herbivore.
You cover ground extremely quickly.
You need to consume almost no food.


Message History

You kill the orc!
The bullfrog closely misses you.
You hit the bullfrog but do no damage. The bullfrog hits you.
* * * LOW HITPOINT WARNING * * *
You take 1 damage, and have 11/21 hp.
You hit the bullfrog but do no damage. The bullfrog hits you.
* * * LOW HITPOINT WARNING * * *
The bullfrog misses you.
You take 5 damage, and have 6/21 hp.
MASSIVE DAMAGE!!
Aim: a bullfrog (severely wounded)
The blast of sand hits the bullfrog!
You kill the bullfrog!
Your Dodging skill increases to level 4!
You have reached level 5!
You feel clever.
Q - 60 stones You now have 6/12 mp.
You hit the orc. The orc hits you with a +0 short sword!
You die...

#
##################
#.................
#.######..........
#.# #.#########
#.# #.# #.# #.#
#@######.##
#o##....#.#####
#†#.##.###....#
###..####.#.###.#
###....# ##>##
#.....)## ##.#####
#o#.###.###......#
#)#.# ##...#####.#
#)#.# #####


You could see an orc.

Levels and vault maps discovered:
D:1:      dpeg_arrival_leaves_temple_mockup, layout_basic, minmay_tripent
D:2:      layout_loops_ring, nicolae_qazlal_eye_of_the_storm
D:3:      layout_loops_ring, gammafunk_ghost_cemetery

Notes
Turn   | Place    | Note
-------+----------+-------------------------------------------
     0 | D:1      | lepoulpe303 the Spriggan Earth Elementalist began the quest
                  | for the Orb.
     0 | D:1      | Reached XP level 1. HP: 9/9 MP: 5/5
    70 | D:1      | You fall into a shaft and drop 1 floor!
   141 | D:1      | Reached skill level 3 in Spellcasting
   212 | D:1      | Reached XP level 2. HP: 13/13 MP: 4/7
   216 | D:1      | Learned a level 2 spell: Passwall
   272 | D:1      | Identified a +2 cloak (You found it on level 1 of the
                  | Dungeon)
   279 | D:1      | Reached skill level 3 in Earth Magic
   426 | D:1      | Identified a +0 whip
   526 | D:1      | Identified a +0 club
   532 | D:1      | Reached XP level 3. HP: 16/16 MP: 3/8
   537 | D:1      | Learned a level 3 spell: Stone Arrow
  1041 | D:1      | Identified a +0 dagger (You found it on level 1 of the
                  | Dungeon)
  1290 | D:2      | Identified a cursed -2 club
  1593 | D:2      | Identified a cursed -1 club
  1629 | D:2      | HP: 3/16 [worm (9)]
  1632 | D:2      | Reached XP level 4. HP: 4/21 MP: 5/10
  1911 | D:2      | Identified a +0 dagger
  1929 | D:2      | Reached skill level 4 in Spellcasting
  2085 | D:2      | Identified a +0 spear
  2090 | D:2      | Found a stormy altar of Qazlal.
  2141 | D:2      | Reached skill level 1 in Short Blades
  2814 | D:3      | Identified a +0 war axe
  2814 | D:3      | Identified a +0 leather armour
  3025 | D:3      | Identified a +0 short sword
  3025 | D:3      | Identified a +0 dagger
  3025 | D:3      | Identified a +0 chain mail
  3025 | D:3      | Identified a +0 morningstar
  3035 | D:3      | Reached skill level 4 in Stealth
  3053 | D:3      | Noticed a bullfrog
  3101 | D:3      | Killed a bullfrog
  3101 | D:3      | Reached skill level 4 in Dodging
  3101 | D:3      | Reached XP level 5. HP: 8/24 MP: 6/12
  3105 | D:3      | Slain by an orc

Table legend:
 A = Turns spent in this place as a percentage of turns spent in the entire game.
 B = Non-inter-level travel turns spent in this place as a percentage of non-inter-level travel turns spent in the entire game.
 C = Inter-level travel turns spent in this place as a percentage of turns spent in this place.
 D = Turns resting spent in this place as a percentage of non-inter-level travel turns spent in this place.
 E = Turns spent auto-exploring this place as a percentage of non-inter-level travel turns spent in this place.
 F = Non-inter-level travel turns spent in this place divided by the number of levels of this place that you've seen.
                   A       B       C       D       E      F
               +-------+-------+-------+-------+-------+----------------------
         Total | 100.0 | 100.0 |  11.4 |  36.5 |  42.7 | 917.0
       Dungeon | 100.0 | 100.0 |  11.4 |  36.5 |  42.7 | 917.0
               +-------+-------+-------+-------+-------+----------------------

Table legend:
 A = Kills in this place as a percentage of kills in entire the game.
 B = Kills by you in this place as a percentage of kills by you in the entire game.
 C = Kills by friends in this place as a percentage of kills by friends in the entire game.
 D = Other kills in this place as a percentage of other kills in the entire game.
 E = Experience gained in this place as a percentage of experience gained in the entire game.
 F = Experience gained in this place divided by the number of levels of this place that you have seen.
                   A       B       C       D       E      F
               +-------+-------+-------+-------+-------+----------------------
         Total | 100.0 | 100.0 |   N/A |   N/A | 100.0 |  95.3
       Dungeon | 100.0 | 100.0 |   N/A |   N/A | 100.0 |  95.3
               +-------+-------+-------+-------+-------+----------------------

Skill      XL: |  1  2  3  4 |
---------------+-------------+-----
Spellcasting   | 3 4 |  4.6
Earth Magic    | 3 |  3.9
Short Blades   | 1 |  1.3
Stealth        | 4 |  4.2
Dodging        | 4 |  4.0
Transmutations | |  1.3

Action                   |  1- 3 |  4- 6 || total
-------------------------+-------+-------++-------
Melee: Unarmed           |    27 |       ||    27
       Dagger            |    50 |   123 ||   173
 Cast: Sandblast         |    55 |    26 ||    81
 Stab: Sleeping          |     1 |     1 ||     2
Armor: Robe              |     9 |    17 ||    26
Dodge: Dodged            |    78 |    81 ||   159

Vanquished Creatures
  A bullfrog (D:3)
  4 gnolls (D:2)
  3 adders (D:2)
  3 worms (D:2)
  A dart slug (D:1)
  A leopard gecko (D:2)
  4 orcs (D:3)
  7 bats
  2 giant cockroaches (D:1)
  6 hobgoblins
  A quokka (D:2)
  A ball python (D:1)
  3 frilled lizards (D:1)
  6 goblins
  9 kobolds
  7 rats
59 creatures vanquished.
